 Dungeon Crawl Stone Soup version 0.21.0-24-g2553a33 (webtiles) character file.

237 tidbits the Cudgeler (level 6, 51/53 HPs)
             Began as a Gnoll Wanderer on Jan 19, 2018.
             Quit the game on level 5 of the Dungeon.
             The game lasted 00:07:28 (1154 turns).

tidbits the Cudgeler (Gnoll Wanderer)               Turns: 1154, Time: 00:07:29

Health: 51/53      AC:  8    Str: 16    XL:     6   Next: 6%
Magic:  8/8        EV: 11    Int: 16    God:
Gold:   98         SH:  0    Dex: 13    Spells: 6/8 levels left

rFire    . . .     SeeInvis .   a - +2 mace
rCold    . . .     Gourm    +   (no shield)
rNeg     . . .     Faith    .   B - +0 ring mail {rPois}
rPois    +         Spirit   .   (no helmet)
rElec    .         Reflect  .   C - +1 cloak
rCorr    .         Harm     .   G - +0 pair of gloves
MR       .....                  (no boots)
Stlth    ++........             h - amulet of the gourmand
HPRegen  0.17/turn              (no ring)
MPRegen  0.11/turn              (no ring)

@: no status effects
A: distributed training, fangs 1, strong nose
a: no special abilities


You were on level 5 of the Dungeon.
You were not hungry.

You visited 1 branch of the dungeon, and saw 5 of its levels.

You collected 98 gold pieces.

Inventory:

Hand Weapons
 a - a +2 mace (weapon)
 b - a +0 dagger
 g - a +0 falchion
 o - a +0 hunting sling
 t - a +2 hunting sling of flaming
   (You found it on level 3 of the Dungeon)
 u - a +3 quarterstaff of chaos
   (You took it off Crazy Yiuf on level 3 of the Dungeon)
Missiles
 e - 7 curare-tipped needles
 l - 31 arrows
 q - 33 stones (quivered)
Armour
 j - a +1 ring mail
 B - a +0 ring mail of poison resistance (worn)
   (You found it on level 3 of the Dungeon)
 C - a +1 cloak (worn)
 G - a +0 pair of gloves (worn)
Jewellery
 h - an amulet of the gourmand (around neck)
   (You found it on level 3 of the Dungeon)
Scrolls
 c - a scroll of teleportation
 m - a scroll of immolation {unknown}
 n - a scroll of magic mapping {unknown}
Potions
 f - a potion of brilliance {unknown}
 i - a potion of degeneration {unknown}
 p - a potion of haste
 r - a potion of invisibility {unknown}
 s - 2 potions of heal wounds
Books
 k - a book of Changes
   (You found it on level 4 of the Dungeon)

   Spells                             Type                      Level
   a - Beastly Appendage              Transmutation                1
   b - Sticks to Snakes               Transmutation                2
   c - Spider Form                    Transmutation/Poison         3
   d - Ice Form                       Ice/Transmutation            4
   e - Blade Hands                    Transmutation                5
Comestibles
 d - 4 rations


   Skills:
 + Level 6.7 Fighting
 + Level 1.7 Short Blades
 + Level 1.7 Long Blades
 + Level 1.7 Axes
 + Level 6.7 Maces & Flails
 + Level 1.7 Polearms
 + Level 1.7 Staves
 + Level 1.7 Slings
 + Level 1.7 Bows
 + Level 1.7 Crossbows
 + Level 4.9 Throwing
 + Level 3.1 Armour
 + Level 1.7 Dodging
 + Level 2.9 Stealth
 + Level 1.7 Shields
 + Level 1.7 Unarmed Combat
 + Level 1.7 Spellcasting
 + Level 1.3 Conjurations
 + Level 1.3 Hexes
 + Level 1.3 Charms
 + Level 1.3 Summonings
 + Level 1.3 Necromancy
 + Level 1.3 Translocations
 + Level 1.3 Transmutations
 + Level 1.3 Fire Magic
 + Level 1.3 Ice Magic
 + Level 1.3 Air Magic
 + Level 1.3 Earth Magic
 + Level 1.3 Poison Magic
 + Level 2.0 Invocations
 + Level 1.7 Evocations


You had 6 spell levels left.
You knew the following spells:

 Your Spells              Type           Power        Failure   Level  Hunger
k - Sticks to Snakes      Tmut           #.......     34%         2    ###....


Dungeon Overview and Level Annotations

Branches:
Dungeon (5/15)
 Temple: D:4-7

Altars:
Uskayaw


Innate Abilities, Weirdness & Mutations

Your experience applies equally to all skills.
You have very sharp teeth.
Your uncanny sense of smell can sniff out nearby items.


Message History

No target in view!
Found 24 stones.
A giant cockroach comes into view.
Found a dagger.
You hit the giant cockroach.
The giant cockroach is heavily wounded.
The giant cockroach barely misses you. x2
You thump the giant cockroach!
You kill the giant cockroach!
No target in view!
No target in view!
You see here a giant cockroach corpse.
You see here 24 stones.
q - 33 stones (gained 24)
There is a stone staircase leading down here.
You climb downwards.
There is a stone staircase leading up here.
Unknown command.
A dart slug comes into view.
The dart slug launches a dart at you. The slug dart hits you!
The dart slug bites you.
Your ring mail prevents you from hitting the dart slug.
The dart slug closely misses you.
You hit the dart slug.
You bite the dart slug, but do no damage.
The dart slug is heavily wounded.
You thump the dart slug!
You kill the dart slug!
No target in view!
No target in view!
You see here a dart slug corpse.
You open the door.
Found 11 gold pieces.
There is an open door here.
An iguana comes into view.
The iguana moves out of view.
The iguana hisses angrily.
Found a ruby potion.
Found a stone staircase leading down.
The iguana barely misses you.
You barely miss the iguana. The iguana misses you.
You hit the iguana. You bite the iguana, but do no damage.
The iguana is lightly wounded.
The iguana barely misses you.
You hit the iguana but do no damage.
The iguana is lightly wounded.
The iguana misses you.
You hit the iguana but do no damage.
The iguana is lightly wounded.
The iguana closely misses you.
You barely miss the iguana.
The iguana is lightly wounded.
The iguana closely misses you.
You hit the iguana.
The iguana is lightly wounded.
The iguana bites you but does no damage.
You hit the iguana. You bite the iguana, but do no damage.
The iguana is heavily wounded.
The iguana misses you.
The iguana bites you but does no damage.
You completely miss the iguana. You bite the iguana, but do no damage.
The iguana is heavily wounded.
The iguana closely misses you.
You hit the iguana but do no damage.
The iguana is heavily wounded.
The iguana bites you.
You barely miss the iguana.
The iguana is heavily wounded.
The iguana barely misses you.
You sock the iguana!
You kill the iguana!
Your life force feels restored.
You have reached level 6!
Your experience leads to an increase in your attributes!
Increase (S)trength, (I)ntelligence, or (D)exterity?
You feel agile.
You see here 11 gold pieces.
You now have 86 gold pieces (gained 11).
You see here a ruby potion.
f - a ruby potion
There is a stone staircase leading down here.
You climb downwards.
There is a stone staircase leading up here.
Unknown command.
Found 12 gold pieces.
You see here 12 gold pieces.
You now have 98 gold pieces (gained 12).
All of the chunks of flesh in your inventory have rotted away.
A leopard gecko comes into view.
You closely miss the leopard gecko.
The leopard gecko bites you but does no damage.
You sock the leopard gecko!
You kill the leopard gecko!
Your Invocations skill increases to level 2!
No target in view!
No target in view!
No target in view!
A leopard gecko zombie comes into view.
Unknown command.
Are you sure you want to abandon this character and quit the game? (Confirm with "yes".)

### #Z# # #.# #
#.# # #.# #+# #.#
#.# #.# #.# # #.#
#####.######## #@#
#............. #.#
#.#.....## ##. #.#
#.##....# #.
#.###.###...#####.
#...........#.....
#########.....###.
###.#####.
#....... ########


You could see a leopard gecko zombie (dormant).

Vanquished Creatures
  A bullfrog skeleton (D:3)
  Crazy Yiuf (D:3)
  Jessica (D:2)
  An iguana (D:4)
  7 adders
  An ooze (D:3)
  A worm (D:2)
  2 dart slugs
  3 leopard geckos
  3 bats
  4 giant cockroaches
  8 goblins
  8 hobgoblins
  2 quokkas (D:3)
  4 frilled lizards
  5 kobolds
  A quokka skeleton (D:4)
  7 rats
60 creatures vanquished.

Notes
Turn   | Place    | Note
-------+----------+-------------------------------------------
     0 | D:1      | tidbits the Gnoll Wanderer began the quest for the Orb.
     0 | D:1      | tidbits set off with: a +2 mace, a +0 ring mail, a scroll of teleportation, a ration
     0 | D:1      | Reached XP level 1. HP: 23/23 MP: 1/1
   105 | D:1      | Reached XP level 2. HP: 29/29 MP: 2/2
   191 | D:2      | Noticed Jessica
   229 | D:1      | Reached XP level 3. HP: 28/35 MP: 3/3
   472 | D:4      | Learned a level 2 spell: Sticks to Snakes
   508 | D:4      | Reached skill level 1 in Invocations
   552 | D:3      | Reached skill level 1 in Short Blades
   552 | D:3      | Reached skill level 1 in Long Blades
   552 | D:3      | Reached skill level 1 in Axes
   552 | D:3      | Reached skill level 1 in Polearms
   552 | D:3      | Reached skill level 1 in Staves
   552 | D:3      | Reached skill level 1 in Slings
   552 | D:3      | Reached skill level 1 in Bows
   552 | D:3      | Reached skill level 1 in Crossbows
   552 | D:3      | Reached skill level 1 in Dodging
   552 | D:3      | Reached skill level 1 in Shields
   552 | D:3      | Reached skill level 1 in Unarmed Combat
   552 | D:3      | Reached skill level 1 in Spellcasting
   552 | D:3      | Reached skill level 1 in Evocations
   552 | D:3      | Reached XP level 4. HP: 29/41 MP: 5/5
   598 | D:2      | Killed Jessica
   598 | D:2      | Reached skill level 1 in Conjurations
   598 | D:2      | Reached skill level 1 in Hexes
   598 | D:2      | Reached skill level 1 in Charms
   598 | D:2      | Reached skill level 1 in Summonings
   598 | D:2      | Reached skill level 1 in Necromancy
   598 | D:2      | Reached skill level 1 in Translocations
   598 | D:2      | Reached skill level 1 in Transmutations
   598 | D:2      | Reached skill level 1 in Fire Magic
   598 | D:2      | Reached skill level 1 in Ice Magic
   598 | D:2      | Reached skill level 1 in Air Magic
   598 | D:2      | Reached skill level 1 in Earth Magic
   598 | D:2      | Reached skill level 1 in Poison Magic
   598 | D:2      | Reached XP level 5. HP: 29/47 MP: 6/6
   718 | D:2      | Found a hide-covered altar of Uskayaw.
   910 | D:3      | Found a runed door.
   914 | D:3      | Noticed Crazy Yiuf
   923 | D:3      | Killed Crazy Yiuf
   923 | D:3      | Reached skill level 3 in Armour
  1091 | D:4      | Reached XP level 6. HP: 40/53 MP: 8/8
  1105 | D:5      | Entered Level 5 of the Dungeon
  1150 | D:5      | Reached skill level 2 in Invocations
  1154 | D:5      | Quit the game

Skill      XL: |  1  2  3  4  5  6 |
---------------+-------------------+-----
Invocations    | 1 2 |  2.0
Short Blades   | 1 |  1.7
Long Blades    | 1 |  1.7
Axes           | 1 |  1.7
Polearms       | 1 |  1.7
Staves         | 1 |  1.7
Slings         | 1 |  1.7
Bows           | 1 |  1.7
Crossbows      | 1 |  1.7
Dodging        | 1 |  1.7
Shields        | 1 |  1.7
Unarmed Combat | 1 |  1.7
Spellcasting   | 1 |  1.7
Evocations     | 1 |  1.7
Conjurations   | 1 |  1.3
Hexes          | 1 |  1.3
Charms         | 1 |  1.3
Summonings     | 1 |  1.3
Necromancy     | 1 |  1.3
Translocations | 1 |  1.3
Transmutations | 1 |  1.3
Fire Magic     | 1 |  1.3
Ice Magic      | 1 |  1.3
Air Magic      | 1 |  1.3
Earth Magic    | 1 |  1.3
Poison Magic   | 1 |  1.3
Armour         | 3 |  3.1
Fighting       | |  6.7
Maces & Flails | |  6.7
Throwing       | |  4.9
Stealth        | |  2.9

Action                   |  1- 3 |  4- 6 || total
-------------------------+-------+-------++-------
Melee: Mace              |    71 |   106 ||   177
       Bite              |    11 |     9 ||    20
       Punch             |       |     2 ||     2
  Use: Scroll            |     1 |     2 ||     3
       Potion            |       |     2 ||     2
 Stab: Sleeping          |       |     3 ||     3
       Distracted        |       |     1 ||     1
  Eat: Chunk             |       |     1 ||     1
Armor: Ring mail         |    20 |    23 ||    43
Dodge: Dodged            |    47 |    57 ||   104

Table legend:
 A = Turns spent in this place as a percentage of turns spent in the entire game.
 B = Non-inter-level travel turns spent in this place as a percentage of non-inter-level travel turns spent in the entire game.
 C = Inter-level travel turns spent in this place as a percentage of turns spent in this place.
 D = Turns resting spent in this place as a percentage of non-inter-level travel turns spent in this place.
 E = Turns spent auto-exploring this place as a percentage of non-inter-level travel turns spent in this place.
 F = Non-inter-level travel turns spent in this place divided by the number of levels of this place that you've seen.
                   A       B       C       D       E      F
               +-------+-------+-------+-------+-------+----------------------
         Total | 100.0 | 100.0 |   2.9 |   0.0 |   0.0 | 224.0
       Dungeon | 100.0 | 100.0 |   2.9 |   0.0 |   0.0 | 224.0
               +-------+-------+-------+-------+-------+----------------------

Table legend:
 A = Kills in this place as a percentage of kills in entire the game.
 B = Kills by you in this place as a percentage of kills by you in the entire game.
 C = Kills by friends in this place as a percentage of kills by friends in the entire game.
 D = Other kills in this place as a percentage of other kills in the entire game.
 E = Experience gained in this place as a percentage of experience gained in the entire game.
 F = Experience gained in this place divided by the number of levels of this place that you have seen.
                   A       B       C       D       E      F
               +-------+-------+-------+-------+-------+----------------------
         Total | 100.0 | 100.0 |   N/A |   N/A | 100.0 |  67.8
       Dungeon | 100.0 | 100.0 |   N/A |   N/A | 100.0 |  67.8
               +-------+-------+-------+-------+-------+----------------------

Vault maps used:
D:1:      shiori_arrival_elements
D:2:      marbit_many_paths, uniq_jessica
D:3:      uniq_crazy_yiuf_cottage
D:4:      minmay_door_path, old_standard_altar, first_ration,
          kennysheep_generic_room_13, uniq_robin
D:5:      grunt_temple_overflow_open, minitemple, kennysheep_mini_moat,
          nicolae_ashenzari_panopticon
